 Dungeon Crawl Stone Soup version 0.29.1-15-g9cfb28693d (webtiles) character file.

Game seed: 11470729746140518617

126 mikeweasel the Chopper (level 5, -1/47 HPs)
             Began as a Hill Orc Monk on Mar 3, 2023.
             Was a Believer of Elyvilon.
             Slain by Sigmund
             ... wielding a +3 scythe of venom
              (2 damage)
             ... on level 3 of the Dungeon.
             The game lasted 00:13:14 (2665 turns).

mikeweasel the Chopper (Hill Orc Monk)              Turns: 2665, Time: 00:13:15

Health: -1/47      AC: 11    Str: 16    XL:     5   Next: 9%
Magic:  5/5        EV:  7    Int: 10    God:    Elyvilon [**....]
Gold:   148        SH:  0    Dex: 13    Spells: 4/4 levels left

rFire   + . .      SeeInvis .   a - +0 hand axe
rCold   x . .      Faith    .   (no shield)
rNeg    . . .      Spirit   .   k - +0 chain mail
rPois   .          Reflect  .   b - +1 helmet
rElec   .          Harm     .   (no cloak)
rCorr   .          Rampage  .   (no gloves)
Will    .....                   d - +0 pair of boots
Stlth   ..........              (no amulet)
HPRegen 0.15/turn               f - ring of fire
MPRegen 0.09/turn               (no ring)

@: confused, mighty, lethally poisoned (-1 -> -15)
A: no striking features
a: Renounce Religion, Purification, Heal Other


You were on level 3 of the Dungeon.
You worshipped Elyvilon.
Elyvilon was pleased with you.
You visited 1 branch of the dungeon, and saw 3 of its levels.

You collected 148 gold pieces.

Inventory:

Hand Weapons
 a - a +0 hand axe (weapon)
Missiles
 g - 5 poisoned darts (quivered)
Armour
 b - a +1 helmet (worn)
 d - a +0 pair of boots (worn)
 k - a +0 chain mail (worn)
Jewellery
 f - a ring of fire (left hand)
Potions
 c - a potion of ambrosia
 e - a potion of cancellation
 j - 2 potions of brilliance
 m - a potion of flight {unknown}


   Skills:
 + Level 4.4 Fighting
 + Level 5.5 Axes
 + Level 0.8 Throwing
 + Level 1.0 Armour
 + Level 3.0 Dodging
 + Level 1.7 Stealth
 + Level 0.2 Invocations


You had 4 spell levels left.
You didn't know any spells.
Your spell library was empty.

Dungeon Overview and Level Annotations

Branches:
Dungeon (3/15)

Altars:
Elyvilon

Annotations:
D:3 Sigmund


Message History

Sigmund hits you but does no damage.
You are poisoned.
You feel sick.
You feel sick.
You feel sick.
You feel sick.
You feel sick.
Throw: 6 darts (poison)
Press: ? - help, Q - select action, (/) - cycle Shift-Dir - straight line, f/p - Sigmund
Aim: Sigmund, wielding a +3 scythe of venom and wearing a +0 robe (55% to hit)
You throw a poisoned dart. The poisoned dart hits Sigmund.
Sigmund is poisoned.
You feel sick.
Sigmund hits you from afar with a +3 scythe of venom!
You feel sick.
Sigmund gestures wildly while chanting.
Sigmund flickers and vanishes!
Deactivating autopickup; reactivate with Ctrl-A.
You closely miss something.
You feel sick.
You are no longer poisoned.
The kobold throws a stone.
The stone hits you but does no damage. Something hits you.
You are poisoned.
You feel very mighty all of a sudden.
You feel sick.
You miss something. You barely miss the kobold.
You feel sick.
You hear some strange, mumbled words.
You are confused.
The kobold hits you but does no damage.
You feel sick.
A magic dart appears from out of thin air!
The magic dart hits you.
You closely miss the kobold.
You feel sick. Something hits you!
* * * LOW HITPOINT WARNING * * *
You are lethally poisoned!
The kobold barely misses you.
You're too confused to move!
* * * LOW HITPOINT WARNING * * *
You feel very sick. The kobold barely misses you. Something hits you.
You die...

##............(#.######.#
.........................
#.#........#.....#####.#
#......................#
#.##.<...#.#.##.....#...
#.##.##.#.##.....# #.
#......##.....# #
#....#.#####..#
#..#......K@.....#
#.......{#####..#
#.######.# .## #........#
#.###.#........#
...(....##### ###.####.#
... .. ... .##


You could see a kobold.

Vanquished Creatures
  Natasha (D:2)
  4 gnolls (D:2)
  An adder (D:2)
  2 dart slugs (D:2)
  4 bats
  3 endoplasms
  3 giant cockroaches
  5 goblins
  6 hobgoblins
  5 kobolds
  3 quokkas (D:1)
  4 ball pythons
  A frilled lizard (D:1)
  6 rats
  A spectral kobold (D:2)
49 creatures vanquished.

Notes
Turn   | Place    | Note
-------+----------+-------------------------------------------
     0 | D:1      | mikeweasel the Hill Orc Monk began the quest for the Orb.
     0 | D:1      | Reached XP level 1. HP: 19/19 MP: 1/1
   126 | D:1      | Reached XP level 2. HP: 26/27 MP: 2/2
   568 | D:1      | Reached XP level 3. HP: 22/33 MP: 3/3
   936 | D:2      | Found a white marble altar of Elyvilon.
   942 | D:2      | Became a worshipper of Elyvilon the Healer
   942 | D:2      | Reached * piety under Elyvilon
   942 | D:2      | Reached ** piety under Elyvilon
  1006 | D:2      | Reached XP level 4. HP: 16/40 MP: 4/4
  1343 | D:2      | Reached skill level 5 in Axes
  1801 | D:2      | Found a faded altar of an unknown god.
  1803 | D:2      | Noticed Natasha
  2073 | D:2      | Killed Natasha
  2074 | D:2      | Reached XP level 5. HP: 14/47 MP: 5/5
  2641 | D:3      | Reached skill level 1 in Armour
  2651 | D:3      | Noticed Sigmund
  2665 | D:3      | HP: 1/47 [poisoned by Sigmund]
  2665 | D:3      | Slain by Sigmund

Illustrated notes

Levels and vault maps discovered:
D:1:      eino_arrival_water_star, layout_loops_ring,
          chequers_serial_rivers_large_b, minmay_ruptured
D:2:      layout_loops_ring, dreamdust_ecumenical_altar_drowned_temple,
          basic_altar, minmay_pentomino_pile, uniq_natasha
D:3:      layout_basic, nicolae_elyvilon_temple_path, uniq_crazy_yiuf_cottage,
          uniq_sigmund

Skill      XL: |  1  2  3  4  5 |
---------------+----------------+-----
Fighting       | 4 |  4.4
Dodging        | 3 |  3.0
Axes           | 5 |  5.5
Armour         | 1 |  1.0
Throwing       | |  0.8
Stealth        | |  1.7
Invocations    | |  0.2

Action                   |  1- 3 |  4- 6 || total
-------------------------+-------+-------++-------
Melee: Hand axe          |    80 |   101 ||   181
       Punch             |     1 |       ||     1
Throw: Dart              |     8 |    14 ||    22
Invok: Heal Other        |       |     5 ||     5
  Use: Scroll            |     4 |     5 ||     9
       Potion            |       |     3 ||     3
Armor: Robe              |    11 |       ||    11
       Chain mail        |    25 |    60 ||    85
Dodge: Dodged            |    47 |    28 ||    75
